 Dungeon Crawl Stone Soup version 0.25-a0-316-gd28d56f9c5 (webtiles) character file.

Game seed: 17126027187500874293, levelgen mode: deterministic

224 Gremour the Skirmisher (level 6, -9/44 HPs)
             Began as a Gargoyle Monk on Dec 24, 2019.
             Was a Believer of the Shining One.
             Mangled by an ogre
             ... wielding a cursed -3 giant spiked club
              (24 damage)
             ... on level 4 of the Dungeon.
             The game lasted 00:10:20 (2258 turns).

Gremour the Skirmisher (Gargoyle Monk)              Turns: 2258, Time: 00:10:20

Health: -9/44      AC: 12    Str: 15    XL:     6   Next: 0%
Magic:  6/6        EV: 11    Int: 10    God:    the Shining One [**....]
Gold:   72         SH:  0    Dex: 14    Spells: 5/5 levels left

rFire    . . .     SeeInvis .   a - +0 falchion
rCold    . . .     Gourm    .   (no shield)
rNeg     + + .     Faith    .   f - +0 ring mail (curse)
rPois    ∞         Spirit   .   b - +2 helmet
rElec    +         Reflect  .   (no cloak)
rCorr    .         Harm     .   (no gloves)
MR       .....                  (no boots)
Stlth    +.........             (no amulet)
HPRegen  0.14/turn              (no ring)
MPRegen  0.10/turn              (no ring)

@: glowing
A: negative energy resistance 1, electricity resistance, unbreathing,
petrification resistance, rot immunity, AC +4
a: Divine Shield, Renounce Religion


You were on level 4 of the Dungeon.
You worshipped the Shining One.
The Shining One was pleased with you.
You were not hungry.

You visited 2 branches of the dungeon, and saw 5 of its levels.

You collected 72 gold pieces.

Inventory:

Hand Weapons
 a - a +0 falchion (weapon)
 k - a +2 dagger of venom
Armour
 b - a +2 helmet (worn)
 f - a cursed +0 ring mail (worn)
Jewellery
 h - an uncursed ring of ice
Scrolls
 d - 4 scrolls of teleportation
 e - 2 scrolls of fog {unknown}
 l - a scroll of enchant armour {unknown}
 q - a scroll of magic mapping {unknown}
Potions
 p - a potion of degeneration {unknown}
 r - a potion of flight {unknown}
Comestibles
 c - 2 rations
 g - 2 chunks of flesh


   Skills:
 * Level 7.1 Fighting
 - Level 2.6 Long Blades
 - Level 2.4 Dodging
 - Level 2.1 Stealth


You had 5 spell levels left.
You didn't know any spells.
Your spell library was empty.

Dungeon Overview and Level Annotations

Branches:
Dungeon (4/15)             Temple (1/1) D:4

Altars:
Ashenzari
Cheibriados
Dithmenos
Elyvilon
Fedhas
Gozag
Kikubaaqudgha
Makhleb
Okawaru
Ru
Sif Muna
Trog
Uskayaw
Vehumet
Wu Jian
Xom
The Shining One

Annotations:
D:1 Terence


Innate Abilities, Weirdness & Mutations

You are resistant to torment.
Your stone body is resilient. (AC +4)
You are immune to poison.
You resist negative energy. (rN+)
You are resistant to electric shocks. (rElec)
You can survive without breathing.
You are immune to petrification.
You are immune to rotting.


Message History

You hit the ogre.
The ogre is severely wounded.
The ogre misses you.
You hit the ogre.
The ogre is severely wounded.
You hit the ogre.
The ogre is severely wounded.
The ogre hits you with a cursed -3 giant spiked club!
* * * LOW HITPOINT WARNING * * *
Items here: ) [ †† a +0 dagger; a +0 robe; a worker ant corpse; an orc corpse You hit the ogre.
The ogre is severely wounded.
The ogre hits you with a cursed -3 giant spiked club!!
The Shining One protects you from harm!
You hit the ogre.
The ogre is almost dead.
The ogre hits you with a cursed -3 giant spiked club!!
Ouch! That really hurt!
You die...

#.# #.# #.# #.. ###.### ###
.. ##.....# # #.#######
#....§.####### #.......##
#..§§..#......
#.....÷.[####..§§..#.####.
#.#..##.[##...........###.
........>@Ol...........)..
##.#.##...##...........#)#.
##.#.##...######....#.##.#.
..........# #..<.#......
#####.#.### #....####.##
####.#.# #....# #...
#......# #....# #... #
#.##.### ##.### ###
#.##.##.# #.#


You could see an ogre and a leopard gecko.

Vanquished Creatures
  3 orc wizards (D:4)
  A worker ant (D:4)
  Robin (D:2)
  5 adders
  A dart slug (D:1)
  3 leopard geckos
  3 orcs (D:4)
  A giant cockroach (D:1)
  12 goblins
  5 hobgoblins
  2 quokkas
  A ball python (D:1)
  8 bats
  2 frilled lizards (D:1)
  2 kobolds (D:2)
  9 rats
59 creatures vanquished.

Notes
Turn   | Place    | Note
-------+----------+-------------------------------------------
     0 | D:1      | Gremour the Gargoyle Monk began the quest for the Orb.
     0 | D:1      | Reached XP level 1. HP: 14/14 MP: 1/1
   136 | D:1      | Reached XP level 2. HP: 17/20 MP: 2/2
   213 | D:1      | Reached skill level 4 in Fighting
   952 | D:2      | Reached XP level 3. HP: 24/24 MP: 3/3
  1295 | D:2      | Reached skill level 5 in Fighting
  1299 | D:2      | Noticed Terence
  1491 | D:2      | Reached XP level 4. HP: 24/31 MP: 4/4
  1556 | D:2      | Noticed Robin
  1586 | D:2      | Killed Robin
  1853 | D:3      | You fall into a shaft and drop 1 floor!
  1901 | D:4      | Found a staircase to the Ecumenical Temple.
  1913 | D:4      | Reached skill level 6 in Fighting
  1956 | D:4      | Reached XP level 5. HP: 13/37 MP: 5/5
  1973 | Temple   | Entered the Ecumenical Temple
  2091 | Temple   | Became a worshipper of the Shining One
  2091 | Temple   | Reached * piety under the Shining One
  2091 | Temple   | Reached ** piety under the Shining One
  2186 | D:4      | Reached skill level 7 in Fighting
  2196 | D:4      | Reached XP level 6. HP: 41/44 MP: 6/6
  2257 | D:4      | The Shining One protects you from harm!
  2258 | D:4      | Mangled by an ogre

Levels and vault maps discovered:
D:1:      minmay_arrival_loop, layout_basic, serial_bayou_pond_d
D:2:      layout_basic, uniq_terence, uniq_robin
D:3:      layout_loops_ring, first_ration
D:4:      layout_loops_cross, lemuel_zombie_altar_yredelemnul,
          minmay_temple_entry_purple_smoke, grunt_gozag_breadcrumbs,
          uniq_eustachio
Temple:   minmay_crystal_spiral_temple

Skill      XL: |  1  2  3  4  5 |
---------------+----------------+-----
Fighting       | 4 5 6 7 |  7.1
Long Blades    | |  2.6
Dodging        | |  2.4
Stealth        | |  2.1

Action                   |  1- 3 |  4- 6 || total
-------------------------+-------+-------++-------
Melee: Falchion          |    86 |    94 ||   180
  Use: Potion            |       |     6 ||     6
       Scroll            |       |     1 ||     1
 Stab: Sleeping          |     2 |       ||     2
  Eat: Chunk             |     2 |     1 ||     3
       Ration            |       |     1 ||     1
Armor: Robe              |     6 |       ||     6
       Ring mail         |    34 |    67 ||   101
       Leather armour    |     3 |       ||     3
Dodge: Dodged            |    45 |    79 ||   124
       Rpst.: Falchion   |     8 |    23 ||    31

Table legend:
 A = Non-vault XP
 B = Vault XP
 C = Vault XP percentage of total XP
 D = Non-vault monster count
 E = Vault monster count
 F = Vault count percentage of total count
                 A         B        C        D         E       F
            +---------+---------+-------+---------+---------+-------
      Total |     285 |      35 |  10.9 |      48 |      11 |  18.6
            +---------+---------+-------+---------+---------+-------
        D:1 |      33 |       0 |   0.0 |      21 |       0 |   0.0
        D:2 |      60 |      35 |  36.8 |      16 |      11 |  40.7
        D:3 |       2 |       0 |   0.0 |       1 |       0 |   0.0
        D:4 |     190 |       0 |   0.0 |      10 |       0 |   0.0
            +---------+---------+-------+---------+---------+-------
